AoeStats
← Challwaq

Oasis

509740367Analyzed
3v3 RM · 4d ago on Sep 27, 2026· 25m 42s· 6 players
Game mode
Random Map
Map size
Normal (6 player)
Population
200
Speed
Normal
Resources
Standard
Victory
Conquest
Starting age
Dark Age
Ending age
Imperial Age
RankedLock teamsTeams togetherTeam positionsShared explorationLock speedFull tech treeHidden civsTurbo modeCheats
Victory
Defeat
🇧🇷 Saxons · Brazil
1123
+15
🇦🇷 Magyars · Argentina
1115
+15
🇩🇪 Ethiopians · Germany
1049
+18
🇦🇷 Vikings · Argentina
1120
-17
🇦🇷 Danes · Argentina
1120
-17
🇦🇷 Japanese · Argentina
1051
-14
EZEKIEL_2517
6:50 Loom
7:16 Loom
9:31 Feudal Age
10:05 Double-Bit Axe
11:38 Town Watch
22:44 Castle Age
22:26 Fletching
22:48 Crossbowman
23:50 Bodkin Arrow
Challwaq
3:27 Loom
10:55 Feudal Age
11:43 Double-Bit Axe
26:14 Castle Age
24:13 Stone Mining
Moralelastic
10:23 Feudal Age
15:03 Castle Age
12:57 Double-Bit Axe
14:22 Horse Collar
17:27 Loom
17:40 Loom
21:53 Scale Mail Armor
22:03 Forging
23:55 Wheelbarrow
24:35 Gold Mining
taiwan180
6:38 Loom
8:36 Feudal Age
9:33 Double-Bit Axe
12:49 Fletching
22:57 Castle Age
21:27 Padded Archer Armor
22:16 Gold Mining
22:09 Horse Collar
23:11 Crossbowman
23:57 Thumb Ring
23:48 Bodkin Arrow
24:31 Bow Saw
Blijadmann
6:25 Loom
10:09 Feudal Age
19:53 Fletching
28:05 Castle Age
MERA_elBalma
12:06 Feudal Age
16:05 Castle Age
14:04 Double-Bit Axe
16:58 Bloodlines
16:49 Husbandry
17:16 Loom
18:07 Wheelbarrow
18:36 Light Cavalry
21:08 Husbandry
21:35 Horse Collar
25:48 Gold Mining
Connection lost

Rejoining the realm…

Still unreachable

The connection could not be restored.

Session expired

The server has moved on; the page needs a fresh start.